 Dungeon Crawl Stone Soup version 0.25-a0-294-gea9b1ad378 (webtiles) character file.

Game seed: 15828664113073424842, levelgen mode: deterministic

23 Redear the Skirmisher (level 2, 0/33 HPs)
             Began as an Ogre Fighter on Dec 17, 2019.
             Hit by a stone thrown by a goblin (2 damage)
             ... on level 1 of the Dungeon.
             The game lasted 00:01:01 (126 turns).

Redear the Skirmisher (Ogre Fighter)                 Turns: 126, Time: 00:01:02

Health: 0/33       AC:  3    Str: 24    XL:     2   Next: 95%
Magic:  2/2        EV:  8    Int:  9    God:
Gold:   0          SH:  8    Dex:  8    Spells: 1/1 levels left

rFire    . . .     SeeInvis .   a - +0 war axe
rCold    . . .     Gourm    .   c - +0 shield
rNeg     . . .     Faith    .   b - +0 robe
rPois    .         Spirit   .   (helmet restricted)
rElec    .         Reflect  .   (no cloak)
rCorr    .         Harm     .   (gloves unavailable)
MR       .....                  (boots unavailable)
Stlth    +.........             (no amulet)
HPRegen  0.11/turn              (no ring)
MPRegen  0.08/turn              (no ring)

@: mighty
A: large, unfitting armour, tough skin 1
a: no special abilities


You were on level 1 of the Dungeon.
You were not hungry.

You visited 1 branch of the dungeon, and saw 1 of its levels.

Inventory:

Hand Weapons
 a - a +0 war axe (weapon)
Armour
 b - a +0 robe (worn)
 c - a +0 shield (worn)
Scrolls
 e - 2 scrolls of teleportation {unknown}
Comestibles
 z - a ration


   Skills:
 + Level 4.3 Fighting
 + Level 2.3 Axes
 + Level 2.9 Dodging
 + Level 3.0 Shields


You had one spell level left.
You didn't know any spells.
Your spell library was empty.

Dungeon Overview and Level Annotations

Branches:
Dungeon (1/15)

Altars:


Innate Abilities, Weirdness & Mutations

You are too large for most types of armour.
You have tough skin. (AC +1)


Message History

You are too injured to fight recklessly!
You are too injured to fight recklessly!
You are too injured to fight recklessly!
You are too injured to fight recklessly!
You are too injured to fight recklessly!
You are too injured to fight recklessly!
You are too injured to fight recklessly!
You are too injured to fight recklessly!
You are too injured to fight recklessly!
You are too injured to fight recklessly!
You are too injured to fight recklessly!
You are too injured to fight recklessly!
You are too injured to fight recklessly!
You are too injured to fight recklessly!
You are too injured to fight recklessly!
You are too injured to fight recklessly!
You slash the rat!
You kill the rat!
The goblin throws a stone.
The stone hits you.
You die...

....######### ..!...#
#....?#)....# .[.....
##..##....$... .......
#...#......?.. ......g
#...........$. .......
#.#.##........ .......
####.#.#......?..
.$....g##................
......g)@...##.##........
......g####.##>###.......
###.?#. #.##.# ##.....#
#. .. #.##.# ####### ..
..# #.##.# ## #.# #.##.#
.. ####.# ..# #.#


You could see 3 goblins.

Vanquished Creatures
  A dart slug (D:1)
  A leopard gecko (D:1)
  A ball python (D:1)
  5 goblins (D:1)
  3 hobgoblins (D:1)
  3 jackals (D:1)
  A frilled lizard (D:1)
  2 rats (D:1)
17 creatures vanquished.

Notes
Turn   | Place    | Note
-------+----------+-------------------------------------------
     0 | D:1      | Redear the Ogre Fighter began the quest for the Orb.
     0 | D:1      | Reached XP level 1. HP: 24/24 MP: 1/1
    72 | D:1      | Reached XP level 2. HP: 24/32 MP: 2/2
   112 | D:1      | Reached skill level 3 in Shields
   121 | D:1      | HP: 1/33 [hobgoblin/+0 club (3)]
   126 | D:1      | Hit by a stone thrown by a goblin

Levels and vault maps discovered:
D:1:      mrwooster_arrival_statue, layout_rooms

Skill      XL: |  1  2 |
---------------+-------+-----
Shields        | 3 |  3.0
Fighting       | |  4.3
Axes           | |  2.3
Dodging        | |  2.9

Action                   || total
-------------------------++-------
Melee: War axe           ||    38
  Use: Potion            ||     1
Armor: Robe              ||    11
Dodge: Dodged            ||    12
Block: Shield            ||    25

Table legend:
 A = Non-vault XP
 B = Vault XP
 C = Vault XP percentage of total XP
 D = Non-vault monster count
 E = Vault monster count
 F = Vault count percentage of total count
                 A         B        C        D         E       F
            +---------+---------+-------+---------+---------+-------
      Total |      33 |       0 |   0.0 |      17 |       0 |   0.0
            +---------+---------+-------+---------+---------+-------
        D:1 |      33 |       0 |   0.0 |      17 |       0 |   0.0
            +---------+---------+-------+---------+---------+-------
